 Dungeon Crawl Stone Soup version 0.29.1-2-gbd0b4ee654 (webtiles) character file.

Game seed: 9769083407488958553

49 safid the Shooter (level 3, -3/33 HPs)
             Began as a Minotaur Hunter on Nov 17, 2022.
             Killed from afar by an orc wizard (8 damage)
             ... with a puff of flame
             ... on level 2 of the Dungeon.
             The game lasted 00:02:03 (1408 turns).

safid the Shooter (Minotaur Hunter)                 Turns: 1408, Time: 00:02:04

Health: -3/33      AC:  3    Str: 15    XL:     3   Next: 51%
Magic:  2/2        EV: 12    Int:  6    God:
Gold:   129        SH:  0    Dex: 15    Spells: 2/2 levels left

rFire   . . .      SeeInvis .   a - +0 shortbow
rCold   . . .      Faith    .   (shield currently unavailable)
rNeg    . . .      Spirit   .   c - +0 leather armour
rPois   .          Reflect  .   (helmet restricted)
rElec   .          Harm     .   (no cloak)
rCorr   .          Rampage  .   (no gloves)
Will    .....                   (no boots)
Stlth   +.........              (no amulet)
HPRegen 0.11/turn               (no ring)
MPRegen 0.08/turn               (no ring)

@: confused
A: horns 2, retaliatory headbutt
a: no special abilities


You were on level 2 of the Dungeon.
You visited 1 branch of the dungeon, and saw 3 of its levels.

You collected 129 gold pieces.

Inventory:

Hand Weapons
 a - a +0 shortbow (weapon)
Armour
 c - a +0 leather armour (worn)
Jewellery
 h - the amulet "Ficupn" {Reflect rF+ SH+5}
   (You found it on level 1 of the Dungeon)

   [amulet of reflection]

   It reflects blocked missile attacks.
   rF:        It protects you from fire.
   SH:        It affects your SH (+5).
Wands
 i - a wand of digging (3)
Scrolls
 b - 3 scrolls of immolation
 d - 5 scrolls of identify {unknown}
 e - a scroll of noise {unknown}
 g - 3 scrolls of teleportation {unknown}
Potions
 f - 2 potions of berserk rage {unknown}
 j - 2 potions of heal wounds {unknown}
 k - a potion of magic {unknown}


   Skills:
 + Level 3.8 Fighting
 + Level 5.1 Ranged Weapons
 - Level 2.1 Dodging
 - Level 0.7 Stealth


You had 2 spell levels left.
You didn't know any spells.
Your spell library contained the following spells:

 Spells                   Type           Power      Damage    Failure   Level
 Call Canine Familiar     Summ           0%         N/A       88%         3
 Portal Projectile        Hex/Tloc       0%         N/A       88%         3
 Leda's Liquefaction      Hex/Erth       0%         N/A       99%         4


Dungeon Overview and Level Annotations

Branches:
Dungeon (3/15)

Altars:


Innate Abilities, Weirdness & Mutations

You have a pair of horns on your head.
You reflexively headbutt those who attack you in melee.


Message History

The orc wizard hits you with a +0 dagger.
* * * LOW HITPOINT WARNING * * *
Fire: a) +0 shortbow
Press: ? - help, Q - select action Shift-Dir - straight line You shoot an arrow.
The arrow barely misses the orc wizard.
The orc wizard casts a spell at you.
You are confused.
Unknown command.
Non-targeted confused fire: a) +0 shortbow
Press: ? - help, Q - select action Dir - look around, f - activate Look: an orc wizard, wielding a +0 dagger and wearing a +0 robe (severely wounded)
You shoot an arrow.
The orc wizard hits you but does no damage.
The orc wizard gestures at you while chanting.
The puff of flame misses you.
Non-targeted confused fire: a) +0 shortbow
Press: ? - help, Q - select action Dir - look around, f - activate Look: an orc wizard, wielding a +0 dagger and wearing a +0 robe (severely wounded)
You shoot an arrow. The orc wizard barely misses you.
Non-targeted confused fire: a) +0 shortbow
Press: ? - help, Q - select action Dir - look around, f - activate Look: an orc wizard, wielding a +0 dagger and wearing a +0 robe (severely wounded)
You shoot an arrow.
The orc wizard hits you with a +0 dagger.
* * * LOW HITPOINT WARNING * * *
Non-targeted confused fire: a) +0 shortbow
Press: ? - help, Q - select action Dir - look around, f - activate Look: an orc wizard, wielding a +0 dagger and wearing a +0 robe (severely wounded)
You shoot an arrow.
The orc wizard hits you with a +0 dagger.
* * * LOW HITPOINT WARNING * * *
Non-targeted confused fire: a) +0 shortbow
Press: ? - help, Q - select action Dir - look around, f - activate Look: an orc wizard, wielding a +0 dagger and wearing a +0 robe (severely wounded)
You shoot an arrow.
The orc wizard hits you but does no damage.
The orc wizard casts a spell at you. The puff of flame hits you!
You die...

#....# #....#
##### #....# #....
#....# #....
#....# #....
####....# #....
#.......# #....
#......#######....
#@.....+...[.'....
#o.....####.##....
#.........#.##....
#.........#.#####.
#.........#.#####.
####†#......#...#.
#.#............
#.#......##..##
#......#.#..)..


You could see an orc wizard.

Vanquished Creatures
  An adder (D:2)
  A worm (D:2)
  3 ball pythons
  An endoplasm (D:2)
  5 giant cockroaches
  2 goblins
  5 hobgoblins (D:1)
  4 jackals (D:2)
  2 kobolds
  A quokka (D:1)
  A bat (D:3)
  3 frilled lizards
  3 rats (D:1)
32 creatures vanquished.

Notes
Turn   | Place    | Note
-------+----------+-------------------------------------------
     0 | D:1      | safid the Minotaur Hunter began the quest for the Orb.
     0 | D:1      | Reached XP level 1. HP: 18/18 MP: 0/0
   208 | D:1      | Reached XP level 2. HP: 25/25 MP: 1/1
   528 | D:1      | Found a faded altar of an unknown god.
   564 | D:1      | Identified the amulet "Ficupn" {Reflect rF+ SH+5}
  1277 | D:2      | Reached skill level 5 in Ranged Weapons
  1277 | D:2      | Reached XP level 3. HP: 31/31 MP: 2/2
  1408 | D:2      | Killed from afar by an orc wizard

Illustrated notes

Levels and vault maps discovered:
D:1:      nicolae_arrival_memento_mori, layout_basic,
          hellmonk_ecumenical_altar_lost_god
D:2:      layout_basic
D:3:      layout_basic, old_standard_altar

Skill      XL: |  1  2 |
---------------+-------+-----
Fighting       | 3 |  3.8
Ranged Weapons | 5 |  5.1
Dodging        | |  2.1
Stealth        | |  0.7

Action                   || total
-------------------------++-------
 Fire: Shortbow          ||   101
Armor: Leather armour    ||    10
Dodge: Dodged            ||    28
